 Dungeon Crawl Stone Soup version 0.29-a0-451-gfbfa42419e (webtiles) character file.

Game seed: 3714976595245043810

54 holysushi the Charlatan (level 3, 0/24 HPs)
             Began as an Octopode Artificer on May 20, 2022.
             Slain by an iguana (12 damage)
             ... on level 3 of the Dungeon.
             The game lasted 00:02:03 (2433 turns).

holysushi the Charlatan (Octopode Artificer)        Turns: 2433, Time: 00:02:04

Health: 0/24       AC:  1    Str: 11    XL:     3   Next: 91%
Magic:  3/3        EV: 13    Int: 13    God:
Gold:   94         SH:  0    Dex: 14    Spells: 2/2 levels left

rFire   . . .      SeeInvis .   k - +2 short sword (venom)
rCold   . . .      Faith    .   (no shield)
rNeg    . . .      Spirit   .   (helmet restricted)
rPois   .          Reflect  .   (no amulet)
rElec   .          Harm     .   g - ring of wizardry
rCorr   .          Rampage  .   (no ring)
Will    .....                   (no ring)
Stlth   +++.......              (no ring)
HPRegen 0.08/turn               (no ring)
MPRegen 0.08/turn               (no ring)
                                (no ring)
                                (no ring)

@: no status effects
A: almost no armour, amphibious, 8 rings, camouflage 1, gelatinous body 1,
(nimble swimmer 1), tentacles
a: no special abilities


You were on level 3 of the Dungeon.
You visited 1 branch of the dungeon, and saw 3 of its levels.

You collected 94 gold pieces.

Inventory:

Hand Weapons
 a - a +0 dagger
 k - a +2 short sword of venom (weapon)
Jewellery
 g - a ring of wizardry (left tentacle)
Wands
 b - a wand of flame (15) (quivered)
 c - a wand of charming (15)
 d - a wand of iceblast (9)
Scrolls
 e - 5 scrolls of identify {unknown}
 f - 3 scrolls of enchant weapon {unknown}
 h - 2 scrolls of amnesia
 l - a scroll of magic mapping {unknown}
 q - a scroll of summoning {unknown}
Potions
 i - 2 potions of curing {unknown}
 j - a potion of lignification {unknown}
 m - a potion of cancellation {unknown}
 n - a potion of attraction {unknown}
 o - a potion of heal wounds {unknown}
 p - a potion of haste {unknown}


   Skills:
 - Level 2.0 Fighting
 + Level 2.8 Short Blades
 - Level 2.3 Dodging
 - Level 1.3 Stealth
 - Level 3.2 Evocations


You had 2 spell levels left.
You didn't know any spells.
Your spell library contained the following spells:

 Spells                   Type           Power      Damage    Failure   Level
 Foxfire                  Conj/Fire      0%         2x1d4     12%         1
 Conjure Flame            Conj/Fire      0%         6-21      34%         3
 Gell's Gravitas          Tloc           0%         N/A       34%         3
 Inner Flame              Hex/Fire       0%         N/A       34%         3
 Lesser Beckoning         Tloc           0%         N/A       34%         3
 Teleport Other           Tloc           0%         N/A       34%         3
 Flame Wave               Conj/Fire      0%         2d4       73%         4


Dungeon Overview and Level Annotations

Branches:
Dungeon (3/15)

Altars:

Annotations:
D:2 1 runed translucent door, exclusion: door, Crazy Yiuf


Innate Abilities, Weirdness & Mutations

You cannot wear most types of armour.
You are amphibious.
You can wear up to eight rings at the same time.
Your skin changes colour to match your surroundings (Stealth+).
Your rubbery body absorbs attacks. (AC +1, EV +1)
((You are camouflaged when in or above water. (Stealth+)))
You have tentacles for arms and can constrict up to eight enemies at once.


Message History

Unknown command.
No target in view!
Unknown command.
You now have 94 gold pieces (gained 13).
q - a scroll labelled TUCVEWU BOSO Key pressed, stopping explore.
Unknown command.
No target in view!
An iguana comes into view.
Found 8 gold pieces and a hand axe.
Unknown command.
An iguana is nearby!
Unknown command.
An iguana is nearby!
An iguana is nearby!
Unknown command.
An iguana is nearby!
Unknown command.
You barely miss the iguana. You grab the iguana.
You constrict the iguana, but do no damage.
The iguana bites you!
Ouch! That really hurt!
You are too injured to fight recklessly!
Unknown command.
An iguana is nearby!
An iguana is nearby!
You are too injured to fight recklessly!
Unknown command.
An iguana is nearby!
You are too injured to fight recklessly!
Unknown command.
You hit the iguana but do no damage.
The iguana is poisoned.
You squeeze the iguana, but do no damage.
You constrict the iguana, but do no damage.
The iguana barely misses you.
You hit the iguana but do no damage.
The iguana looks even sicker.
The iguana is lightly wounded.
You constrict the iguana. The iguana bites you!
Ouch! That really hurt!
You die...

.#.... #.
#..).#. ..
#...... .###
#......#...
#.!.#...#.##
#.....#..#.###
#.........#.$#
#........@l#
#....#.#####
#.#........###
#.......#..#
#.#...#..#.###
#.#.#...#.#####
##.#....#....#.#
..#......###.##
#...#.....###


You could see an iguana (very poisoned).

Vanquished Creatures
  2 dart slugs
  9 endoplasms
  5 giant cockroaches
  A hobgoblin (D:2)
  2 jackals (D:2)
  3 quokkas
  3 ball pythons (D:1)
  5 bats
  4 frilled lizards
  4 goblins
  5 kobolds
  4 rats
47 creatures vanquished.

Notes
Turn   | Place    | Note
-------+----------+-------------------------------------------
     0 | D:1      | holysushi the Octopode Artificer began the quest for the
                  | Orb.
     0 | D:1      | Reached XP level 1. HP: 13/13 MP: 1/1
   489 | D:1      | Reached skill level 1 in Short Blades
   489 | D:1      | Reached XP level 2. HP: 15/18 MP: 2/2
  1313 | D:1      | Reached XP level 3. HP: 16/24 MP: 3/3
  1411 | D:1      | Found a faded altar of an unknown god.
  2320 | D:2      | Found a runed translucent door.
  2321 | D:2      | Noticed Crazy Yiuf
  2433 | D:3      | Slain by an iguana

Illustrated notes

Levels and vault maps discovered:
D:1:      erik_arrival_cave_to_civilisation [erik_arrival_cave_to_hall],
          layout_loops_ring, ebering_ecumenical_altar_ruins
D:2:      layout_loops_ring, uniq_crazy_yiuf_cottage
D:3:      kennysheep_six_static_rooms, layout_basic, hangedman_decor_slide_cut,
          minmay_tree_intersection, minmay_increasing_density

Skill      XL: |  1  2  3 |
---------------+----------+-----
Short Blades   | 1 2 |  2.8
Fighting       | 2 |  2.0
Dodging        | |  2.3
Stealth        | |  1.3
Evocations     | |  3.2

Action                   || total
-------------------------++-------
Melee: Dagger            ||    38
       Constrict         ||    21
       Tentacles         ||    17
       Short sword       ||    46
  Use: Scroll            ||     1
 Stab: Sleeping          ||     7
Armor: Skin              ||     8
Dodge: Dodged            ||    53

Table legend: (Time is in decaauts)
 A = Elapsed time spent in this place.
 B = Non-inter-level travel time spent in this place.
 C = Inter-level travel time spent in this place.
 D = Time resting spent in this place.
 E = Time spent auto-exploring this place.
 F = Levels seen in this place.
 G = Mean time per level.
                   A        B        C        D        E       F      G
               +--------+--------+--------+--------+--------+-----+--------+
         Total |   2429 |   2375 |     54 |    419 |   1585 |   3 |  809.7 |
       Dungeon |   2429 |   2375 |     54 |    419 |   1585 |   3 |  809.7 |
               +--------+--------+--------+--------+--------+-----+--------+

Top non-repeatable levels by time:
     D:1: 1512 daAuts
     D:2: 857 daAuts
     D:3: 59 daAuts
